 Dungeon Crawl Stone Soup version 0.23.2-1-ga50397a (webtiles) character file.

Game seed: 9357572218520783677

9478 davaitedunem the Severer (level 11, -83/73 HPs)
             Began as a Minotaur Berserker on Apr 24, 2019.
             Was a Priest of Trog.
             Blown up by a lich (90 damage)
             ... with an orb of destruction
             ... on level 1 of the Abyss.
             The game lasted 00:41:25 (8329 turns).

davaitedunem the Severer (Minotaur Berserker)       Turns: 8329, Time: 00:41:26

Health: -83/73     AC: 17    Str: 25    XL:     11   Next: 23%
Magic:  10/10      EV:  8    Int:  4    God:    Trog [***...]
Gold:   640        SH:  0    Dex: 13    Spells: 10/10 levels left

rFire    . . .     SeeInvis +   m - +7 war axe (venom)
rCold    . . .     Gourm    .   (no shield)
rNeg     . . .     Faith    .   p - +1 plate armour
rPois    .         Spirit   .   (helmet restricted)
rElec    .         Reflect  .   x - +0 cloak
rCorr    .         Harm     .   (no gloves)
MR       ++...                  (no boots)
Stlth    ..........             (no amulet)
HPRegen  1.22/turn              k - +3 ring of dexterity
MPRegen  0.12/turn              j - ring of see invisible

@: berserk cooldown, regenerating, slowed, very slow
A: retaliatory headbutt, horns 2, [frail 1], [low mp 2]
a: Berserk, Trog's Hand, Renounce Religion


You were on level 1 of the Abyss.
You worshipped Trog.
Trog was most pleased with you.
You were not hungry.

You visited 2 branches of the dungeon, and saw 10 of its levels.
You visited the Abyss 1 time.
You also visited: Sewer.

You collected 640 gold pieces.

Inventory:

Hand Weapons
 m - a +7 war axe of venom (weapon)
 M - a +5 flail
Armour
 p - a +1 plate armour (worn)
 x - a +0 cloak (worn)
Jewellery
 d - an uncursed amulet of the gourmand {unknown}
 j - a ring of see invisible (right hand)
 k - a +3 ring of dexterity (left hand)
 z - an uncursed ring of protection from fire
Wands
 a - a wand of enslavement (9)
 e - a wand of acid (9)
 w - a wand of disintegration (17)
 B - a wand of digging (12)
 C - a wand of polymorph (6)
 J - a wand of paralysis (8)
Scrolls
 b - a scroll of identify
 g - 5 scrolls of teleportation
 l - 2 scrolls of blinking
 q - 3 scrolls of immolation
 u - a scroll of fog {unknown}
 y - a scroll of magic mapping
 E - a scroll of random uselessness {unknown}
 H - 2 scrolls of fear {unknown}
 K - a scroll of noise {unknown}
 O - a scroll of remove curse
Potions
 f - a potion of flight {unknown}
 h - 2 potions of invisibility {unknown}
 i - 3 potions of lignification {unknown}
 n - 2 potions of curing
 o - 2 potions of haste {unknown}
 r - a potion of degeneration {unknown}
 s - a potion of brilliance {unknown}
 v - a potion of berserk rage {unknown}
 A - 3 potions of agility
 D - a potion of heal wounds {unknown}
 F - a potion of mutation {unknown}
 L - a potion of cancellation {unknown}
 N - a potion of magic {unknown}
 P - 2 potions of resistance
Comestibles
 c - 25 rations


   Skills:
 - Level 3.6 Fighting
 - Level 16.4 Axes
 * Level 10.1 Armour
 - Level 2.1 Dodging
 + Level 5.1 Evocations


You had 10 spell levels left.
You didn't know any spells.
Your spell library was empty.

Dungeon Overview and Level Annotations

Branches:
Dungeon (9/15)             Temple (0/1) D:6            Lair (1/6) D:9
    Orc (0/2) D:9

Altars:
Ashenzari
Cheibriados
Gozag
Okawaru
Uskayaw
Vehumet

Annotations:
Lair:1 Harold, Sonja


Innate Abilities, Weirdness & Mutations

You reflexively headbutt those who attack you in melee.
You have a pair of horns on your head.
[You are frail. (-10% HP)]
[Your magical capacity is very low. (-20% MP)]


Message History

The thrashing horror is heavily damaged.
The thrashing horror tramples you but does no damage. x2
You slice the thrashing horror!! You headbutt the thrashing horror.
You destroy the thrashing horror!
Trog accepts your kill.
You feel the corruption within you wane somewhat.
Your body's shape seems more normal.
You feel robust.
Your Armour skill increases to level 10!
Your Evocations skill increases to level 5!
A lich comes into view.
The lich shouts!
You feel a strong urge to attack something.
The lich conjures a glowing orb.
An orb of destruction comes into view.
You are no longer berserk.
You are exhausted.
You feel yourself slow down. The orb of destruction hits you!!!!
Ouch! That really hurt!
You die...

## # ## .. ## #.#..
. ###.# .....
.#.#..# #..L##....#
. ..#.#○....##...
#...☼○@#...... #
#.###....##.# .
#.#.#.#..# .
.#.##..u#..#.#.# #
#...X...##...##
#.....#...#..#..#
#.##...h....##.###
.. 3....#.*#......#
....$...........#..


You could see a green very ugly thing, a lich, a wretched star, a large
abomination, a smoke demon and a raiju.

Vanquished Creatures
  2 thrashing horrors (Abyss:1)
  Pikel (D:6)
  Psyche (D:8)
  A spiny frog (Lair:1)
  A centaur skeleton (D:9)
  2 komodo dragons (D:9)
  A tormentor (Abyss:1)
  6 hippogriffs
  2 wyverns (D:9)
  A basilisk (Lair:1)
  A large abomination (Abyss:1)
  2 water moccasins
  Purgy (Sewer)
  2 orc warriors (D:6)
  2 sky beasts
  2 ice beasts
  3 phantoms
  2 ogres
  3 centaurs
  6 crocodiles
  A big kobold (D:7)
  2 bullfrogs (D:8)
  A wyvern skeleton (D:7)
  A wyvern zombie (D:7)
  A small abomination (Abyss:1)
  2 scorpions
  11 wights
  An electric eel (D:7)
  5 crimson imps
  A bullfrog zombie (D:7)
  A jelly (D:7)
  2 quasits
  An orc priest (D:9)
  A gnoll shaman (D:8)
  4 hounds
  3 iguanas
  9 orc wizards
  9 worker ants
  4 worker ant zombies
  4 howler monkey zombies
  4 gnolls (D:8)
  9 adders
  4 river rats (D:5)
  3 shadow imps
  3 oozes
  3 adder skeletons
  10 worms
  3 dart slugs
  4 leopard geckos
  45 orcs
  2 ball pythons
  7 giant cockroaches
  8 goblins
  8 hobgoblins
  9 jackals
  2 quokkas
  9 bats
  6 frilled lizards
  A jackal skeleton (D:5)
  15 kobolds
  A quokka skeleton (D:5)
  2 quokka zombies
  11 rats
  A fungus (Lair:1)
  A plant (Lair:1)
277 creatures vanquished.

Vanquished Creatures (collateral kills)
  A steam dragon (D:9)
  An ogre (D:9)
  A wight (D:9)
3 creatures vanquished.

Vanquished Creatures (others)
  A worker ant zombie (D:6)
  A shadow imp (D:9)
  2 orcs (D:6)
  A fungus (Lair:1)
5 creatures vanquished.

Grand Total: 285 creatures vanquished

Notes
Turn   | Place    | Note
-------+----------+-------------------------------------------
     0 | D:1      | davaitedunem the Minotaur Berserker began the quest for the
                  | Orb.
     0 | D:1      | Reached XP level 1. HP: 19/19 MP: 0/0
    94 | D:1      | Reached skill level 4 in Axes
   118 | D:1      | Reached XP level 2. HP: 26/26 MP: 1/1
   204 | D:1      | Reached skill level 5 in Axes
   294 | D:1      | Reached ** piety under Trog
   294 | D:1      | Reached XP level 3. HP: 29/31 MP: 2/2
  1319 | D:2      | Reached skill level 6 in Axes
  1319 | D:2      | Reached XP level 4. HP: 36/39 MP: 3/3
  1814 | D:3      | Reached XP level 5. HP: 45/45 MP: 4/4
  1820 | D:3      | Reached skill level 7 in Axes
  1971 | D:3      | Found a hide-covered altar of Uskayaw.
  1980 | D:3      | Found a snail-covered altar of Cheibriados.
  1989 | D:3      | Found a shattered altar of Ashenzari.
  2236 | D:4      | Noticed a phantom
  2244 | D:4      | Killed a phantom
  2244 | D:4      | Reached skill level 8 in Axes
  2244 | D:4      | Reached XP level 6. HP: 51/51 MP: 5/5
  2399 | D:4      | Reached skill level 9 in Axes
  3098 | D:5      | Entered Level 5 of the Dungeon
  3107 | D:5      | Reached XP level 7. HP: 48/57 MP: 6/6
  3177 | D:5      | Reached *** piety under Trog
  3184 | D:5      | Reached skill level 10 in Axes
  3229 | D:5      | Found a radiant altar of Vehumet.
  3640 | D:5      | Reached skill level 11 in Axes
  3679 | D:5      | Found a glowing drain.
  3684 | Sewer    | Entered a sewer
  3721 | Sewer    | Noticed Purgy
  3729 | Sewer    | Killed Purgy
  3916 | D:6      | Reached XP level 8. HP: 64/64 MP: 7/7
  3920 | D:6      | Reached skill level 12 in Axes
  4079 | D:6      | Received a gift from Trog
  4107 | D:6      | Got a garnet-studded chain mail
  4121 | D:6      | Found an opulent altar of Gozag.
  4177 | D:6      | Reached skill level 13 in Axes
  4191 | D:6      | Noticed Pikel
  4202 | D:6      | Killed Pikel
  4202 | D:6      | Reached skill level 14 in Axes
  4202 | D:6      | Reached XP level 9. HP: 70/70 MP: 8/8
  4226 | D:6      | Reached **** piety under Trog
  4326 | D:6      | Found a staircase to the Ecumenical Temple.
  4517 | D:7      | Found an iron altar of Okawaru.
  4676 | D:7      | Reached skill level 15 in Axes
  5401 | D:8      | Reached skill level 16 in Axes
  5418 | D:8      | Noticed Psyche
  5430 | D:8      | Killed Psyche
  5430 | D:8      | Reached XP level 10. HP: 32/77 MP: 9/9
  5612 | D:8      | Reached skill level 1 in Evocations
  6027 | D:9      | Found a staircase to the Orcish Mines.
  6088 | D:9      | Found a snail-covered altar of Cheibriados.
  6334 | D:9      | Reached skill level 5 in Armour
  6868 | D:9      | Found a staircase to the Lair.
  7479 | Lair:1   | Entered Level 1 of the Lair of Beasts
  7550 | Lair:1   | Noticed Sonja
  7587 | Lair:1   | Received a gift from Trog
  7797 | Lair:1   | Noticed Harold
  7963 | Lair:1   | Noticed a spiny frog
  7973 | Lair:1   | Killed a spiny frog
  7973 | Lair:1   | Reached XP level 11. HP: 63/82 MP: 13/13
  8093 | Lair:1   | Cast into level 1 of the Abyss (Sonja)
  8286 | Abyss:1  | Noticed a wretched star
  8286 | Abyss:1  | Noticed a thrashing horror
  8286 | Abyss:1  | Noticed a green very ugly thing
  8307 | Abyss:1  | Noticed a thrashing horror
  8317 | Abyss:1  | Noticed a large abomination
  8319 | Abyss:1  | HP: 3/97 [thrashing horror (9)]
  8322 | Abyss:1  | Killed a thrashing horror
  8325 | Abyss:1  | Killed a thrashing horror
  8325 | Abyss:1  | Reached skill level 10 in Armour
  8325 | Abyss:1  | Reached skill level 5 in Evocations
  8326 | Abyss:1  | Noticed a lich
  8329 | Abyss:1  | Blown up by a lich

Skill      XL: |  1  2  3  4  5  6  7  8  9 10 11 |
---------------+----------------------------------+-----
Axes           | 4 5 6 8 9 11 14 16 | 16.4
Armour         | 9 10 | 10.1
Evocations     | 4 5 |  5.1
Fighting       | |  3.6
Dodging        | |  2.1

Action                   |  1- 3 |  4- 6 |  7- 9 | 10-12 || total
-------------------------+-------+-------+-------+-------++-------
Melee: Hand axe          |    94 |   127 |   307 |   186 ||   714
       Headbutt          |     9 |    25 |    63 |    52 ||   149
       War axe           |       |       |       |    56 ||    56
Invok: Trog's Hand       |     1 |     6 |     7 |    14 ||    28
       Berserk           |       |     2 |     5 |     3 ||    10
       Brothers in Arms  |       |       |       |     1 ||     1
Evoke: Wand              |       |       |     1 |     2 ||     3
  Use: Scroll            |       |     2 |     8 |    10 ||    20
       Potion            |       |       |       |     3 ||     3
  Eat: Chunk             |     1 |    11 |    13 |    14 ||    39
       Ration            |       |       |       |     2 ||     2
Armor: Animal skin       |     4 |       |       |       ||     4
       Ring mail         |    25 |     1 |       |       ||    26
       Plate armour      |       |    73 |   144 |   152 ||   369
Dodge: Dodged            |    54 |    56 |    91 |   110 ||   311
